 Dungeon Crawl Stone Soup version 0.17.2-1-ge4368a0 (webtiles) character file.

29 ololoev the Skirmisher (level 3, 10/29 HPs)
             Began as a Demonspawn Fighter on Oct 27, 2016.
             Quit the game on level 4 of the Dungeon.
             The game lasted 00:02:17 (311 turns).

ololoev the Skirmisher (Demonspawn Fighter)          Turns: 311, Time: 00:02:17

Health: 10/29      AC:  6    Str: 17    XL:     3   Next: 1%
Magic:  3/3        EV:  9    Int:  9    God:
Gold:   62         SH:  0    Dex: 12    Spells: 0 memorised, 2 levels left

rFire  . . .     SeeInvis .     a - +0 war axe
rCold  . . .     Clarity  .     b - +0 scale mail
rNeg   . . .     SustAt   .     (no shield)
rPois  .         Gourm    .     (no helmet)
rElec  .         Spirit   .     (no cloak)
rCorr  .         Warding  .     (no gloves)
rMut   .         Stasis   .     (no boots)
MR     .....                    (no amulet)
Stlth  ..........               (no ring)
                                (no ring)

@: not resistant to hostile enchantments, extremely unstealthy
A: talons 1, demonic guardian 1
a: no special abilities


Innate Abilities, Weirdness & Mutations

You have sharp toenails.
A weak demonic guardian rushes to your aid.

Inventory:

Hand Weapons
 a - a +0 war axe (weapon)
Armour
 b - a +0 scale mail (worn)
Potions
 c - a potion of curing {unknown}
Comestibles
 e - a bread ration
 f - a slice of pizza


   Skills:
 + Level 3.3 Fighting
 * Level 2.5 Axes
 + Level 2.9 Armour
   Level 2.6 Shields


You had 2 spell levels left.
You didn't know any spells.


You were on level 4 of the Dungeon.
You were not hungry.

You visited 1 branch of the dungeon, and saw 4 of its levels.

You collected 62 gold pieces.

#.####..# ##...##
#.#.....# ##...<.##
##.#.##..# ##....>..##
........<####.........#
..5.........'.........+
.###.#...####.........#
.# #.....# ##.......#
.# #####.# ##)....## .#
#.# ##@..## .# #.#
##'## .. ..# #.# ## #.#
#.# ##.##### ##......#
....... ## .....#....
##......#

Notes
Turn   | Place    | Note
--------------------------------------------------------------
     0 | D:1      | ololoev the Demonspawn Fighter began the quest for the Orb.
     0 | D:1      | Reached XP level 1. HP: 18/18 MP: 1/1
    36 | D:2      | Gained mutation: A weak demonic guardian rushes to your aid. [demonic ancestry]
    36 | D:2      | Reached XP level 2. HP: 22/24 MP: 2/2
   310 | D:4      | Gained mutation: You have sharp toenails. [demonic ancestry]
   310 | D:4      | Reached XP level 3. HP: 10/29 MP: 3/3
   311 | D:4      | Quit the game

Dungeon Overview and Level Annotations

Branches:
Dungeon (4/15)
 Temple: D:4-7

Altars:


Message History

A worker ant comes into view.
Your iron imp barely misses the worker ant.
The worker ant barely misses your iron imp.
Your iron imp hits the worker ant!
The worker ant bites your iron imp.
The worker ant bites your iron imp but does no damage.
Your iron imp closely misses the worker ant.
The worker ant bites your iron imp.
Your iron imp hits the worker ant!
The worker ant dies!
Found a stone staircase leading up.
You open the door.
Found a stone staircase leading down and a stone staircase leading up.
There is an open door here.
You close the door.
Your magical contamination has completely faded away.
You open the door.
There is an open door here.
Something unseen opens the door.
Found a scroll labeled JATTAAC OSMEGG.
You see here a sedimented silvery potion.
There is an open door here.
You see here a sedimented silvery potion.
c - a sedimented silvery potion
There is an open door here.
The orc hits you but does no damage.
You closely miss the orc. The orc hits you but does no damage.
You barely miss the orc. The orc hits you with a trident.
You closely miss the orc. The orc hits you with a trident.
You hit the orc.
The orc is heavily wounded.
The orc hits you but does no damage.
You slash the orc!
You kill the orc!
You have reached level 3!
Your experience leads to an increase in your attributes!
Increase (S)trength, (I)ntelligence, or (D)exterity?
You feel stronger.
You feel monstrous as your demonic heritage exerts itself.
Your demonic ancestry asserts itself...
Your toenails lengthen and sharpen.
Are you sure you want to abandon this character and quit the game? (Confirm with "yes".)

There were no monsters in sight!

Vanquished Creatures
  An adder (D:2)
  A worm (D:2)
  An orc (D:4)
  A goblin (D:2)
  A bat (D:2)
  3 kobolds (D:2)
  A rat (D:3)
9 creatures vanquished.

Vanquished Creatures (collateral kills)
  A worker ant (D:4)
1 creature vanquished.

Grand Total: 10 creatures vanquished

Action                   || total
-------------------------++-------
Melee: War axe           ||    28
  Use: Potion            ||     3
       Scroll            ||     4

Vault maps used:
D:1:      dpeg_arrival_refuge
D:2:      lemuel_round_altar, first_bread
D:3:      uniq_natasha
D:4:      nicolae_overflow_crystal_walls, serial_park_tiny_pond,
          wad_floor_pattern_untrapped
